 Dungeon Crawl Stone Soup version 0.29.1-1-gd02db6906a (webtiles) character file.

Game seed: 3691965361649546533

725 experimilk the Vexing (level 7, 0/53 HPs)
             Began as a Gnoll Arcane Marksman on Oct 1, 2022.
             Slain by Ijyb
             ... wielding a staff of cold
              (1 damage)
             ... on level 5 of the Dungeon.
             The game lasted 00:19:08 (6598 turns).

experimilk the Vexing (Gnoll Arcane Marksman)       Turns: 6598, Time: 00:19:08

Health: 0/53       AC:  3    Str:  9    XL:     7   Next: 72%
Magic:  22/22      EV: 12    Int: 12    God:
Gold:   173        SH:  0    Dex: 21    Spells: 3/14 levels left

rFire   . . .      SeeInvis .   a - +2 sling (freeze)
rCold   . . .      Faith    .   (no shield)
rNeg    . . .      Spirit   .   c - +1 robe
rPois   .          Reflect  .   (no helmet)
rElec   .          Harm     .   (no cloak)
rCorr   .          Rampage  .   (no gloves)
Will    .....                   (no boots)
Stlth   +++.......              (no amulet)
HPRegen 0.17/turn               e - +6 ring of dexterity
MPRegen 0.18/turn               o - ring of magical power

@: grasped by roots, constricted
A: fangs 1, strong nose, distributed training
a: no special abilities


You were on level 5 of the Dungeon.
You visited 1 branch of the dungeon, and saw 5 of its levels.

You collected 238 gold pieces.
You spent 65 gold pieces at shops.

Inventory:

Hand Weapons
 a - a +2 sling of freezing (weapon)
Missiles
 m - 2 throwing nets
Armour
 c - a +1 robe (worn)
Jewellery
 e - a +6 ring of dexterity (left hand)
 o - a ring of magical power (right hand)
Wands
 k - a wand of charming (13)
Scrolls
 b - 2 scrolls of poison
 f - a scroll of torment {unknown}
 g - 4 scrolls of teleportation
 h - a scroll of silence {unknown}
 j - a scroll of fog
Potions
 d - 5 potions of curing
 i - a potion of magic
 l - a potion of brilliance {unknown}
 n - a potion of berserk rage {unknown}


   Skills:
 + Level 3.8 Fighting
 + Level 2.7 Short Blades
 + Level 2.7 Long Blades
 + Level 2.7 Axes
 + Level 2.7 Maces & Flails
 + Level 2.7 Polearms
 + Level 2.7 Staves
 + Level 5.4 Ranged Weapons
 + Level 2.7 Throwing
 + Level 2.7 Armour
 + Level 5.4 Dodging
 + Level 2.7 Stealth
 + Level 2.7 Shields
 + Level 2.7 Unarmed Combat
 + Level 4.0 Spellcasting
 + Level 2.2 Conjurations
 + Level 5.9 Hexes
 + Level 2.2 Summonings
 + Level 2.2 Necromancy
 + Level 2.2 Translocations
 + Level 2.2 Transmutations
 + Level 2.2 Fire Magic
 + Level 2.2 Ice Magic
 + Level 2.2 Air Magic
 + Level 2.2 Earth Magic
 + Level 2.2 Poison Magic
 + Level 3.0 Invocations
 + Level 2.7 Evocations


You had 3 spell levels left.
You knew the following spells:

 Your Spells              Type           Power      Damage    Failure   Level
a - Slow                  Hex            64%        N/A       1%          1
d - Cause Fear            Hex            8%         N/A       19%         4
s - Portal Projectile     Hex/Tloc       24%        N/A       12%         3
z - Inner Flame           Hex/Fire       12%        N/A       12%         3

Your spell library contained the following spells:

 Spells                   Type           Power      Damage    Failure   Level
 Ensorcelled Hibernation  Hex/Ice        24%        N/A       6%          2
 Blink                    Tloc           14%        N/A       13%         2
 Poisonous Vapours        Pois/Air       14%        N/A       13%         2
 Conjure Flame            Conj/Fire      7%         6-21      26%         3
 Ignite Poison            Fire/Tmut/Pois 7%         N/A       26%         3
 Lesser Beckoning         Tloc           7%         N/A       26%         3
 Spider Form              Tmut/Pois      7%         N/A       26%         3
 Anguish                  Hex/Necr       6%         N/A       38%         4
 Animate Dead             Necr           7%         N/A       65%         4
 Corpse Rot               Necr/Pois/Air  7%         N/A       65%         4
 Sticky Flame             Conj/Fire      7%         2d3       65%         4
 Manifold Assault         Tloc           7%         N/A       94%         5
 Haunt                    Necr/Summ      3%         N/A       100%        7
 Infestation              Necr           3%         N/A       100%        8


Dungeon Overview and Level Annotations

Branches:
Dungeon (5/15)
 Temple: D:4-7

Altars:
Makhleb

Shops:
D:5 *

Annotations:
D:5 Ijyb


Innate Abilities, Weirdness & Mutations

You have very sharp teeth.
Your uncanny sense of smell can sniff out nearby items.
Your experience applies equally to all skills.


Message History

Ijyb barely misses you.
Fire: a) +2 sling (freeze)
Press: ? - help, Q - select action, (/) - cycle Shift-Dir - straight line, f/p - Ijyb
Aim: Ijyb, wielding a staff of cold, wearing a +0 leather armour and carrying a wand of roots (4) (almost dead, 59% to hit)
You shoot a sling bullet. The sling bullet barely misses Ijyb.
Ijyb misses you.
Fire: a) +2 sling (freeze)
Press: ? - help, Q - select action, (/) - cycle Shift-Dir - straight line, f/p - Ijyb
Aim: Ijyb, wielding a staff of cold, wearing a +0 leather armour and carrying a wand of roots (4) (almost dead, 59% to hit)
You shoot a sling bullet. The sling bullet barely misses Ijyb.
Ijyb hits you with a staff of cold. Ijyb freezes you.
Fire: a) +2 sling (freeze)
Press: ? - help, Q - select action, (/) - cycle Shift-Dir - straight line, f/p - Ijyb
Aim: Ijyb, wielding a staff of cold, wearing a +0 leather armour and carrying a wand of roots (4) (almost dead, 59% to hit)
You shoot a sling bullet. The sling bullet barely misses Ijyb.
Ijyb hits you with a staff of cold.
* * * LOW HITPOINT WARNING * * *
Fire: a) +2 sling (freeze)
Press: ? - help, Q - select action, (/) - cycle Shift-Dir - straight line, f/p - Ijyb
Aim: Ijyb, wielding a staff of cold, wearing a +0 leather armour and carrying a wand of roots (4) (almost dead, 59% to hit)
You shoot a sling bullet. The sling bullet closely misses Ijyb.
Ijyb zaps a wand.
The roots erupt in riotous growth!
The grasping roots grab you!
Ijyb is unaffected.
The grasping roots constrict you!
* * * LOW HITPOINT WARNING * * *
Unknown command.
Fire: a) +2 sling (freeze)
Press: ? - help, Q - select action, (/) - cycle Shift-Dir - straight line, f/p - Ijyb
Aim: Ijyb, wielding a staff of cold, wearing a +0 leather armour and carrying a wand of roots (3) (almost dead, 59% to hit)
You shoot a sling bullet. The sling bullet closely misses Ijyb.
Ijyb closely misses you. The grasping roots constrict you.
* * * LOW HITPOINT WARNING * * *
Fire: a) +2 sling (freeze)
Press: ? - help, Q - select action, (/) - cycle Shift-Dir - straight line, f/p - Ijyb
Aim: Ijyb, wielding a staff of cold, wearing a +0 leather armour and carrying a wand of roots (3) (almost dead, 59% to hit)
You shoot a sling bullet.
The sling bullet hits Ijyb but does no damage.
Ijyb is almost dead.
Ijyb hits you with a staff of cold.
You die...

#.# # #.# # #.# #
#.# # #.# ##### #.#
#....
#####.#########.###
###....$..........#
#.=g@?#.###########
#.#.#.#.# #∆#...#.#
#####.# ..# ###


You could see Ijyb.

Vanquished Creatures
  A steam dragon (D:5)
  A necrophage (D:3)
  A howler monkey (D:5)
  2 orc priests
  A hound (D:5)
  2 iguanas (D:4)
  Terence (D:2)
  2 orc wizards
  Natasha (thrice) (D:2)
  8 adders
  2 gnolls (D:5)
  An ufetubus (D:5)
  A worm (D:3)
  3 dart slugs
  21 orcs
  6 ball pythons
  6 endoplasms
  A giant cockroach (D:4)
  6 goblins
  6 hobgoblins
  3 kobolds (D:3)
  2 quokkas
  5 bats
  2 frilled lizards
  3 rats
90 creatures vanquished.

Vanquished Creatures (others)
  3 plants (D:4)
3 creatures vanquished.

Grand Total: 93 creatures vanquished

Notes
Turn   | Place    | Note
-------+----------+-------------------------------------------
     0 | D:1      | experimilk the Gnoll Arcane Marksman began the quest for
                  | the Orb.
     0 | D:1      | Reached XP level 1. HP: 17/17 MP: 4/4
   106 | D:1      | Reached XP level 2. HP: 22/23 MP: 5/5
  1242 | D:2      | Noticed Terence
  1338 | D:2      | Noticed Natasha
  1348 | D:2      | Killed Natasha
  1349 | D:2      | Reached skill level 1 in Invocations
  1349 | D:2      | Reached XP level 3. HP: 5/28 MP: 5/7
  1350 | D:2      | Reached skill level 1 in Short Blades
  1350 | D:2      | Reached skill level 1 in Long Blades
  1350 | D:2      | Reached skill level 1 in Axes
  1350 | D:2      | Reached skill level 1 in Maces & Flails
  1350 | D:2      | Reached skill level 1 in Polearms
  1350 | D:2      | Reached skill level 1 in Staves
  1350 | D:2      | Reached skill level 1 in Throwing
  1350 | D:2      | Reached skill level 1 in Armour
  1350 | D:2      | Reached skill level 1 in Stealth
  1350 | D:2      | Reached skill level 1 in Shields
  1350 | D:2      | Reached skill level 1 in Unarmed Combat
  1350 | D:2      | Reached skill level 1 in Evocations
  1618 | D:2      | Learned a level 3 spell: Inner Flame
  1919 | D:2      | Reached XP level 4. HP: 34/34 MP: 6/8
  1940 | D:2      | Learned a level 4 spell: Cause Fear
  2044 | D:2      | Killed Terence
  2045 | D:2      | Reached skill level 1 in Conjurations
  2045 | D:2      | Reached skill level 1 in Summonings
  2045 | D:2      | Reached skill level 1 in Necromancy
  2045 | D:2      | Reached skill level 1 in Translocations
  2045 | D:2      | Reached skill level 1 in Transmutations
  2045 | D:2      | Reached skill level 1 in Fire Magic
  2045 | D:2      | Reached skill level 1 in Ice Magic
  2045 | D:2      | Reached skill level 1 in Air Magic
  2045 | D:2      | Reached skill level 1 in Earth Magic
  2045 | D:2      | Reached skill level 1 in Poison Magic
  2252 | D:2      | Noticed Natasha
  2261 | D:2      | Killed Natasha
  2262 | D:2      | Reached XP level 5. HP: 40/40 MP: 7/9
  2355 | D:2      | Noticed Natasha
  2362 | D:2      | Killed Natasha
  3177 | D:3      | Reached XP level 6. HP: 47/47 MP: 9/11
  3301 | D:3      | Learned a level 3 spell: Portal Projectile
  3421 | D:3      | Reached skill level 5 in Ranged Weapons
  3421 | D:3      | Reached skill level 5 in Dodging
  5399 | D:4      | Found a burning altar of Makhleb.
  5572 | D:4      | Reached XP level 7. HP: 52/52 MP: 12/12
  5799 | D:5      | Entered Level 5 of the Dungeon
  5811 | D:5      | Noticed a steam dragon
  5825 | D:5      | Killed a steam dragon
  6349 | D:5      | Found Mikoutah's General Store.
  6361 | D:5      | Bought a scroll of identify for 26 gold pieces
  6361 | D:5      | Bought a scroll of teleportation for 39 gold pieces
  6578 | D:5      | Noticed Ijyb
  6597 | D:5      | HP: 1/53 [constriction (6)]
  6598 | D:5      | Slain by Ijyb

Illustrated notes

Levels and vault maps discovered:
D:1:      dpeg_arrival_simpleton_a, layout_basic
D:2:      layout_basic, uniq_terence, uniq_natasha
D:3:      layout_basic, minmay_quantized
D:4:      layout_loops_ring, mainiacjoe_overflow_cross_hatched
D:5:      layout_basic, serial_shops, nicolae_lakefront_shop, hex_intersection,
          hangedman_decor_clover_reticule, uniq_ijyb

Skill      XL: |  1  2  3  4  5  6  7 |
---------------+----------------------+-----
Invocations    | 1 2 3 |  3.0
Short Blades   | 1 2 |  2.7
Long Blades    | 1 2 |  2.7
Axes           | 1 2 |  2.7
Maces & Flails | 1 2 |  2.7
Polearms       | 1 2 |  2.7
Staves         | 1 2 |  2.7
Throwing       | 1 2 |  2.7
Armour         | 1 2 |  2.7
Stealth        | 1 2 |  2.7
Shields        | 1 2 |  2.7
Unarmed Combat | 1 2 |  2.7
Evocations     | 1 2 |  2.7
Spellcasting   | 3 4 |  4.0
Conjurations   | 1 2 |  2.2
Summonings     | 1 2 |  2.2
Necromancy     | 1 2 |  2.2
Translocations | 1 2 |  2.2
Transmutations | 1 2 |  2.2
Fire Magic     | 1 2 |  2.2
Ice Magic      | 1 2 |  2.2
Air Magic      | 1 2 |  2.2
Earth Magic    | 1 2 |  2.2
Poison Magic   | 1 2 |  2.2
Fighting       | 3 |  3.8
Ranged Weapons | 5 |  5.4
Dodging        | 5 |  5.4
Hexes          | |  5.9

Action                   |  1- 3 |  4- 6 |  7- 9 || total
-------------------------+-------+-------+-------++-------
 Fire: Sling             |    68 |   139 |    90 ||   297
 Cast: Slow              |    10 |    19 |     7 ||    36
       Inner Flame       |       |     5 |     1 ||     6
       Cause Fear        |       |     1 |       ||     1
       Portal Projectile |       |       |     1 ||     1
  Use: Scroll            |     5 |     7 |     1 ||    13
Armor: Robe              |    11 |    11 |     5 ||    27
Dodge: Dodged            |    28 |    27 |    34 ||    89
